 Dungeon Crawl Stone Soup version 0.29-a0-512-gf59ac788ac (webtiles) character file.

Game seed: 18380015373340865800

139 happo123 the Sneak (level 5, 0/37 HPs)
             Began as a Gnoll Enchanter on May 29, 2022.
             Succumbed to an adder's poison
             ... on level 6 of the Dungeon.
             The game lasted 00:10:30 (2472 turns).

happo123 the Sneak (Gnoll Enchanter)                Turns: 2472, Time: 00:10:30

Health: 0/37       AC:  3    Str:  7    XL:     5   Next: 22%
Magic:  12/12      EV: 10    Int: 17    God:
Gold:   167        SH:  5    Dex: 12    Spells: 3/14 levels left

rFire   . . .      SeeInvis .   a - +1 dagger
rCold   . . .      Faith    .   (no shield)
rNeg    . . .      Spirit   .   b - +0 robe
rPois   .          Reflect  +   (no helmet)
rElec   .          Harm     .   d - +0 cloak
rCorr   .          Rampage  .   (no gloves)
Will    .....                   (no boots)
Stlth   +++.......              i - amulet of reflection
HPRegen 0.12/turn               (no ring)
MPRegen 0.13/turn               (no ring)

@: mighty, lethally poisoned (0 -> -3), flying, constricted
A: fangs 1, strong nose, distributed training
a: no special abilities


You were on level 6 of the Dungeon.
You visited 1 branch of the dungeon, and saw 4 of its levels.
You also visited: Sewer.

You collected 167 gold pieces.

Inventory:

Hand Weapons
 a - a +1 dagger (weapon)
Armour
 b - a +0 robe (worn)
 d - a +0 cloak (worn)
Jewellery
 i - an amulet of reflection (around neck)
Scrolls
 e - 3 scrolls of teleportation {unknown}
 g - 6 scrolls of identify {unknown}
 j - a scroll of enchant weapon {unknown}
 k - a scroll of noise {unknown}
 m - a scroll of fear {unknown}
 n - a scroll of fog {unknown}
 o - a scroll of amnesia {unknown}
 p - 2 scrolls of enchant armour {unknown}
 q - a scroll of silence {unknown}
Potions
 c - 2 potions of invisibility
 f - a potion of berserk rage {unknown}
 h - a potion of flight
 l - a potion of cancellation {unknown}
 r - a potion of magic {unknown}
 s - a potion of might
 t - a potion of attraction {unknown}
 u - a potion of ambrosia {unknown}
Miscellaneous
 v - a phantom mirror (inert)


   Skills:
 + Level 1.4 Fighting
 + Level 2.9 Short Blades
 + Level 1.4 Long Blades
 + Level 1.4 Axes
 + Level 1.4 Maces & Flails
 + Level 1.4 Polearms
 + Level 1.4 Staves
 + Level 1.4 Slings
 + Level 1.4 Bows
 + Level 1.4 Crossbows
 + Level 1.4 Throwing
 + Level 1.4 Armour
 + Level 4.7 Dodging
 + Level 6.1 Stealth
 + Level 1.4 Shields
 + Level 1.4 Unarmed Combat
 + Level 5.1 Spellcasting
 + Level 1.1 Conjurations
 + Level 5.5 Hexes
 + Level 1.1 Summonings
 + Level 1.1 Necromancy
 + Level 1.1 Translocations
 + Level 1.1 Transmutations
 + Level 1.1 Fire Magic
 + Level 1.1 Ice Magic
 + Level 1.1 Air Magic
 + Level 1.1 Earth Magic
 + Level 1.1 Poison Magic
 + Level 1.5 Invocations
 + Level 1.4 Evocations


You had 3 spell levels left.
You knew the following spells:

 Your Spells              Type           Power      Damage    Failure   Level
a - Ensorcelled Hibernat  Hex/Ice        30%        N/A       5%          2
b - Confusing Touch       Hex            23%        N/A       4%          3
c - Tukima's Dance        Hex            23%        N/A       4%          3
d - Dazzling Flash        Conj/Hex       30%        N/A       11%         3

Your spell library contained the following spells:

 Spells                   Type           Power      Damage    Failure   Level


Dungeon Overview and Level Annotations

Branches:
Dungeon (6/15)              Sewer (visited)
 Temple: D:4-7

Altars:


Innate Abilities, Weirdness & Mutations

You have very sharp teeth.
Your uncanny sense of smell can sniff out nearby items.
Your experience applies equally to all skills.


Message History

There is a gate leading back out of this place here.
Welcome back to the Dungeon!
The ball python hisses angrily.
The centaur shouts!
The centaur wields a +0 shortbow.
The centaur shoots an arrow.
The arrow hits you! The adder bites you.
There is a collapsed entrance, spattered with blood here.
Hit: a) +1 dagger
Press: ? - help, Dir - move target, f - adder
Aim: an adder (about 52% to evade your +1 dagger)
Okay, then.
Aiming: Phantom Mirror
Press: ? - help, Dir - move target, f - centaur
Aim: a centaur, wielding a +0 shortbow You reflect the centaur with the mirror!
The mirror clouds!
The ball python bites you. The ball python grabs you.
The ball python constricts you. The adder closely misses you.
You escape the ball python's grasp.
You enter the shallow water.
Moving in this stuff is going to be slow.
The centaur shoots an arrow.
The arrow hits you! The adder closely misses you.
Your centaur shoots an arrow.
The arrow completely misses the adder.
You block the adder's attack. The ball python closely misses you.
The ball python grabs you. The ball python constricts you.
Your centaur shoots an arrow.
The arrow barely misses the adder.
The adder bites you.
You are poisoned.
The adder poisons you!
You escape the ball python's grasp.
You feel sick.
The centaur shoots an arrow.
The arrow hits you!
* * * LOW HITPOINT WARNING * * *
It was a potion of flight.
You feel very buoyant.
You fly up into the air.
* * * LOW HITPOINT WARNING * * *
You feel sick.
Your centaur shimmers and vanishes!
You block the ball python's attack. The ball python grabs you.
The ball python constricts you. The adder bites you but does no damage.
It was a potion of might.
You feel very mighty all of a sudden.
You die...

######...........#. ##.
#...............#. ##.8
##................# ##.#.
#....≈≈≈...$......####.#.#
#...≈≈≈≈≈c......!..##.♣.##
#...≈≈.≈≈...........##.#.#
#...≈≈≈≈≈.............#...
#.$..≈≈≈.S....?.....#.[.#.
#.......S@..........###...
#............<.....## ##..
#.....#.....#....(..# ..
........###..#......# ..
........# ##..#....## ..
....... ##..##..# ..
....... ##..#### .< ......
##..# .... ....


You could see a centaur, an adder and a ball python.

Vanquished Creatures
  A hell rat (Sewer)
  4 adders (D:2)
  3 river rats (Sewer)
  7 endoplasms
  2 giant cockroaches
  5 goblins
  4 hobgoblins (D:1)
  4 jackals
  5 kobolds
  3 quokkas
  2 ball pythons (D:2)
  3 bats (D:1)
  2 frilled lizards
  7 rats
52 creatures vanquished.

Vanquished Creatures (others)
  5 toadstools (D:1)
5 creatures vanquished.

Grand Total: 57 creatures vanquished

Notes
Turn   | Place    | Note
-------+----------+-------------------------------------------
     0 | D:1      | happo123 the Gnoll Enchanter began the quest for the Orb.
     0 | D:1      | Reached XP level 1. HP: 13/13 MP: 6/6
   120 | D:1      | Found a faded altar of an unknown god.
   379 | D:1      | Reached XP level 2. HP: 8/19 MP: 7/7
   669 | D:1      | Learned a level 2 spell: Ensorcelled Hibernation
  1093 | D:1      | Reached XP level 3. HP: 21/25 MP: 3/9
  1151 | D:1      | Reached skill level 5 in Spellcasting
  1454 | D:2      | Reached skill level 6 in Stealth
  1466 | D:2      | Reached skill level 1 in Invocations
  1483 | D:2      | Reached skill level 1 in Fighting
  1483 | D:2      | Reached skill level 1 in Long Blades
  1483 | D:2      | Reached skill level 1 in Axes
  1483 | D:2      | Reached skill level 1 in Maces & Flails
  1483 | D:2      | Reached skill level 1 in Polearms
  1483 | D:2      | Reached skill level 1 in Staves
  1483 | D:2      | Reached skill level 1 in Slings
  1483 | D:2      | Reached skill level 1 in Bows
  1483 | D:2      | Reached skill level 1 in Crossbows
  1483 | D:2      | Reached skill level 1 in Throwing
  1483 | D:2      | Reached skill level 1 in Armour
  1483 | D:2      | Reached skill level 1 in Shields
  1483 | D:2      | Reached skill level 1 in Unarmed Combat
  1483 | D:2      | Reached skill level 1 in Evocations
  1608 | D:2      | Reached XP level 4. HP: 32/32 MP: 11/11
  2240 | D:3      | You fall into a shaft and drop 3 floors!
  2268 | D:6      | Noticed a centaur
  2278 | D:6      | Found a glowing drain.
  2290 | Sewer    | Entered a sewer
  2300 | Sewer    | Reached skill level 1 in Conjurations
  2300 | Sewer    | Reached skill level 1 in Summonings
  2300 | Sewer    | Reached skill level 1 in Necromancy
  2300 | Sewer    | Reached skill level 1 in Translocations
  2300 | Sewer    | Reached skill level 1 in Transmutations
  2300 | Sewer    | Reached skill level 1 in Fire Magic
  2300 | Sewer    | Reached skill level 1 in Ice Magic
  2300 | Sewer    | Reached skill level 1 in Air Magic
  2300 | Sewer    | Reached skill level 1 in Earth Magic
  2300 | Sewer    | Reached skill level 1 in Poison Magic
  2402 | Sewer    | Reached XP level 5. HP: 37/37 MP: 10/12
  2413 | Sewer    | Learned a level 3 spell: Confusing Touch
  2417 | Sewer    | Learned a level 3 spell: Tukima's Dance
  2421 | Sewer    | Learned a level 3 spell: Dazzling Flash
  2471 | D:6      | HP: 1/37 [poisoned by an adder]
  2472 | D:6      | Succumbed to an adder's poison

Illustrated notes

Levels and vault maps discovered:
D:1:      dpeg_arrival_arbitrary_c, layout_basic,
          hellmonk_ecumenical_altar_prayer_group, st_stairs_1,
          chequers_serial_rivers_large_a, minmay_misc_feat_doors,
          minmay_gold_behind_fungi, chequers_hall_statues_wall_a
D:2:      layout_loops_cross
D:3:      layout_rooms, mainiacjoe_overflow_small_starburst
D:6:      layout_cave_pods, minmay_temple_entry_glass, portal_sewer_entry_a,
          minmay_shop_damaged, grunt_decor_mini_mirrors, chequers_big_river,
          dk_noncrumbling_2

Skill      XL: |  1  2  3  4 |
---------------+-------------+-----
Spellcasting   | 5 |  5.1
Stealth        | 6 |  6.1
Invocations    | 1 |  1.5
Fighting       | 1 |  1.4
Long Blades    | 1 |  1.4
Axes           | 1 |  1.4
Maces & Flails | 1 |  1.4
Polearms       | 1 |  1.4
Staves         | 1 |  1.4
Slings         | 1 |  1.4
Bows           | 1 |  1.4
Crossbows      | 1 |  1.4
Throwing       | 1 |  1.4
Armour         | 1 |  1.4
Shields        | 1 |  1.4
Unarmed Combat | 1 |  1.4
Evocations     | 1 |  1.4
Conjurations   | 1 |  1.1
Summonings     | 1 |  1.1
Necromancy     | 1 |  1.1
Translocations | 1 |  1.1
Transmutations | 1 |  1.1
Fire Magic     | 1 |  1.1
Ice Magic      | 1 |  1.1
Air Magic      | 1 |  1.1
Earth Magic    | 1 |  1.1
Poison Magic   | 1 |  1.1
Short Blades   | |  2.9
Dodging        | |  4.7
Hexes          | |  5.5

Action                   |  1- 3 |  4- 6 || total
-------------------------+-------+-------++-------
Melee: Dagger            |    77 |    38 ||   115
       Bite              |     4 |     1 ||     5
       Punch             |     1 |       ||     1
 Cast: Ensorcelled Hiber |    14 |    17 ||    31
Evoke: Phantom mirror    |       |     1 ||     1
  Use: Potion            |       |     2 ||     2
 Stab: Sleeping          |    18 |    19 ||    37
Armor: Robe              |    15 |     3 ||    18
Dodge: Dodged            |    62 |    15 ||    77
Block: Other             |       |     8 ||     8

Table legend: (Time is in decaauts)
 A = Elapsed time spent in this place.
 B = Non-inter-level travel time spent in this place.
 C = Inter-level travel time spent in this place.
 D = Time resting spent in this place.
 E = Time spent auto-exploring this place.
 F = Levels seen in this place.
 G = Mean time per level.
                   A        B        C        D        E       F      G
               +--------+--------+--------+--------+--------+-----+--------+
         Total |   2479 |   2316 |    163 |    313 |   1502 |   5 |  495.8 |
       Dungeon |   2293 |   2130 |    163 |    313 |   1424 |   4 |  573.2 |
         Sewer |    186 |    186 |      0 |      0 |     77 |   1 |  186.0 |
               +--------+--------+--------+--------+--------+-----+--------+

Top non-repeatable levels by time:
     D:1: 1399 daAuts
     D:2: 836 daAuts
   Sewer: 186 daAuts
     D:6: 56 daAuts
